 Dungeon Crawl Stone Soup version 0.17.0-18-gaab0e96 (webtiles) character file.

11713 septik the Basher (level 11, -7/73 HPs)
             Began as a Gargoyle Fighter on Nov 11, 2015.
             Was an Initiate of Ru.
             Mangled by Rupert
             ... wielding a +1 great sword of freezing
              (9 damage)
             ... on level 3 of the Lair of Beasts.
             The game lasted 00:38:27 (13004 turns).

septik the Basher (Gargoyle Fighter)               Turns: 13004, Time: 00:38:27

Health: -7/73      AC: 27    Str: 22    XL:     11   Next: 82%
Magic:  13/13      EV:  7    Int:  6    God:    Ru [......]
Gold:   669        SH:  0    Dex: 11    Spells: 0 memorised, 10 levels left

rFire  + . .     SeeInvis +     a - +2 dire flail (venom)
rCold  x . .     Clarity  +     u - +0 plate armour
rNeg   + . .     SustAt   .     (shield currently unavailable)
rPois  ∞         Gourm    .     T - +0 helmet
rElec  +         Spirit   .     y - +2 cloak {+Inv}
rCorr  .         Warding  .     (no gloves)
rMut   .         Stasis   .     (no boots)
MR     .....                    (no amulet)
Stlth  ..........               P - ring of fire
                                p - ring of see invisible

@: not resistant to hostile enchantments, extremely unstealthy
A: hooves 1, agile 1, breathe flames 1, clarity, dopey 2, negative energy
resistance 1, sense surroundings 1, electricity resistance, unbreathing,
petrification resistance, rot immunity, AC +7
a: Renounce Religion, Breathe Fire, Evoke Invisibility


You were on level 3 of the Lair of Beasts.
You worshipped Ru.
Ru was noncommittal.
You were not hungry.

You visited 2 branches of the dungeon, and saw 12 of its levels.

You collected 691 gold pieces.

Inventory:

Hand Weapons
 a - a +2 dire flail of venom (weapon)
 b - a +1 arbalest of flaming
 f - a +0 hunting sling
 F - a +1 great mace of protection
Missiles
 h - 279 stones (quivered)
 v - 72 sling bullets
 L - 4 throwing nets
 V - 41 bolts
Armour
 c - a +0 shield
 q - a +0 chain mail of cold resistance
 t - a +0 scale mail
 u - a +0 plate armour (worn)
 y - a +2 cloak of invisibility (worn)
 J - a +0 cloak
 T - a +0 helmet (worn)
Jewellery
 p - a ring of see invisible (left hand)
 P - a ring of fire (right hand)
Wands
 B - a wand of slowing (16)
 N - a wand of magic darts (36)
 R - a wand of cold (15)
Scrolls
 d - a scroll of enchant armour {unknown}
 g - 3 scrolls of recharging
 i - 8 scrolls of teleportation
 j - 5 scrolls of remove curse
 m - a scroll of magic mapping {unknown}
 n - 3 scrolls of noise {unknown}
 w - 11 scrolls of identify
 C - 2 scrolls of enchant weapon {unknown}
 E - a scroll of random uselessness {unknown}
 G - a scroll of holy word {unknown}
 H - 2 scrolls of immolation {unknown}
 K - a scroll of fog {unknown}
 M - 5 scrolls of blinking {unknown}
 Y - a scroll of amnesia {unknown}
Potions
 l - 2 potions of heal wounds
 o - 2 potions of ambrosia {unknown}
 s - 4 potions of brilliance {unknown}
 A - 2 potions of curing
 D - a potion of haste {unknown}
 I - 2 potions of poison {unknown}
 O - a potion of invisibility {unknown}
Books
 S - a book of Burglary

   Spells                             Type                      Level
   a - Swiftness                      Charms/Air                   2
   b - Passwall                       Transmutation/Earth          3
   c - Passage of Golubria            Translocation                4
   d - Lee's Rapid Deconstruction     Earth                        5
   e - Darkness                       Hexes                        6
   f - Invisibility                   Hexes                        6
Miscellaneous
 Q - a fan of gales (inert)
 U - a plain deck of changes {drawn: 1}
Comestibles
 e - 11 bread rations
 k - 9 slices of pizza
 r - 5 beef jerkies
 x - 3 meat rations
 z - 10 fruits
 W - 8 chunks of flesh
 X - a royal jelly


   Skills:
 + Level 10.4 Fighting
 * Level 12.7 Maces & Flails
 + Level 10.3 Armour
 - Level 3.2 Shields
 + Level 3.0 Evocations


You had 10 spell levels left.
You didn't know any spells.

Dungeon Overview and Level Annotations

Branches:
Dungeon (9/15)             Temple (0/1) D:7            Lair (3/8) D:9
  Swamp: Lair:3-6    Shoals: Lair:3-6     Snake: Lair:3-6    Spider: Lair:3-6
    Orc: D:9-12

Altars:
Ashenzari
Elyvilon
Gozag
Kikubaaqudgha
Makhleb
Okawaru
Qazlal
Ru
Trog
Vehumet
Xom
Yredelemnul

Shops:
D:8 }

Annotations:
D:4 exclusion: ice beast
Lair:3 Rupert


Innate Abilities, Weirdness & Mutations

You are resistant to torment.
Your stone body is resilient (AC +7).
You are immune to poison.
You resist negative energy.
You are resistant to electric shocks.
You can survive without breathing.
You are immune to petrification.
You are immune to rotting.
You have large cloven feet.
You are agile. (Dex +2)
You can breathe flames.
You possess an exceptional clarity of mind.
You are very dopey. (Int -4)
You passively map a small area around you.


Message History

Drink which item? (? for menu, Esc to quit)
You feel much better.
Rupert hits you with a great sword of freezing!
Rupert freezes you.
You closely miss Rupert.
Rupert is moderately wounded.
Rupert hits you with a great sword of freezing.
Rupert freezes you.
You bludgeon Rupert!!
Rupert looks even sicker.
Rupert is heavily wounded.
You hit Rupert but do no damage.
Rupert is heavily wounded.
Rupert hits you with a great sword of freezing!
* * * LOW HITPOINT WARNING * * *
Rupert freezes you.
* * * LOW HITPOINT WARNING * * *
Rupert hits you with a great sword of freezing!
* * * LOW HITPOINT WARNING * * *
Rupert freezes you!
You die...

, ..(........P##
##..#(.........# * *,
.................
.....#.(........ ,
P.....#(......## , *
..#...#........# #... ,
#..............# ..# .
..........@.# *..## ##.
...P......@## ...# #..
..#.......# #, ##..####..
....#..P.#.# #. ##P...##..#
.#.##......###.##....###...
#....##..#P..#.P.##.#P.P
,##..#....##............. ,
* P...##..###.#..#.P#...#.
, .........#P#.##.########.
..............#..## #P.#


You could see Rupert (berserk).

Vanquished Creatures
  A guardian serpent (D:9)
  A black mamba (Lair:1)
  4 spiny frogs
  4 komodo dragons
  5 blink frogs (Lair:2)
  2 yaks (D:9)
  Sigmund (D:4)
  A hog (D:9)
  2 humans
  Eustachio (D:4)
  4 wolves
  Menkaure (D:6)
  Edmund (D:6)
  2 ice beasts
  2 sky beasts
  An orc warrior (D:8)
  5 porcupines (Lair:2)
  A water moccasin (Lair:1)
  A wasp (D:8)
  4 centaurs
  A phantom (D:9)
  6 crocodiles
  6 ogres
  A big kobold (D:7)
  A gnoll sergeant (D:8)
  10 giant frogs
  A wyvern skeleton (D:9)
  A wyvern zombie (D:6)
  2 scorpions
  5 wights (D:8)
  4 crimson imps
  16 orc wizards
  7 hounds
  4 jellies
  A centaur skeleton (D:5)
  2 giant frog skeletons
  Crazy Yiuf (D:4)
  A centaur zombie (D:6)
  5 iguanas
  A gnoll shaman (D:7)
  6 orc priests
  11 worker ants
  5 sheep
  2 hound skeletons (D:6)
  A hound zombie (D:7)
  12 gnolls
  15 river rats
  3 worker ant zombies
  19 adders
  2 shadow imps (D:7)
  2 oozes
  An adder zombie (D:6)
  2 adder skeletons (D:8)
  7 worms
  5 giant geckos
  41 orcs
  8 giant cockroaches
  5 goblins
  7 hobgoblins
  14 jackals
  10 kobolds
  3 quokkas
  4 ball pythons
  6 bats
  A giant cockroach zombie (D:6)
  7 giant newts
  2 kobold zombies (D:6)
  9 rats
  A spectral orc (D:4)
331 creatures vanquished.

Vanquished Creatures (collateral kills)
  A wolf (Lair:3)
  A water moccasin (Lair:3)
2 creatures vanquished.

Vanquished Creatures (others)
  A plant (D:9)
1 creature vanquished.

Grand Total: 334 creatures vanquished

Notes
Turn   | Place    | Note
--------------------------------------------------------------
     0 | D:1      | septik the Gargoyle Fighter began the quest for the Orb.
     0 | D:1      | Reached XP level 1. HP: 14/14 MP: 1/1
   262 | D:1      | Reached XP level 2. HP: 19/19 MP: 2/2
   604 | D:2      | Noticed a moth of wrath
   607 | D:2      | Found a bloodstained altar of Trog.
   903 | D:2      | Reached XP level 3. HP: 12/23 MP: 3/3
  1075 | D:2      | Found an opulent altar of Gozag.
  1079 | D:2      | Found an ancient bone altar of Kikubaaqudgha.
  1172 | D:2      | Reached skill level 4 in Armour
  1223 | D:2      | Reached XP level 4. HP: 26/29 MP: 4/4
  1534 | D:2      | Found a sacrificial altar of Ru.
  1537 | D:2      | Found a radiant altar of Vehumet.
  1781 | D:3      | Reached XP level 5. HP: 18/33 MP: 5/5
  2345 | D:3      | Reached XP level 6. HP: 39/39 MP: 6/6
  2788 | D:4      | Reached skill level 5 in Armour
  3023 | D:4      | Found a burning altar of Makhleb.
  3077 | D:2      | Became a worshipper of Ru the Awakened
  3184 | D:4      | Found a basalt altar of Yredelemnul.
  3428 | D:4      | Reached skill level 5 in Maces & Flails
  3479 | D:4      | Noticed Sigmund
  3506 | D:4      | Killed Sigmund
  3506 | D:4      | Reached skill level 5 in Fighting
  3506 | D:4      | Reached XP level 7. HP: 33/44 MP: 7/7
  3904 | D:4      | Noticed Crazy Yiuf
  3919 | D:4      | Killed Crazy Yiuf
  3968 | D:5      | Entered Level 5 of the Dungeon
  4189 | D:5      | Noticed Eustachio
  4265 | D:4      | Killed Eustachio
  4265 | D:4      | Reached skill level 6 in Maces & Flails
  4415 | D:5      | Reached XP level 8. HP: 49/51 MP: 8/8
  4655 | D:5      | Gained mutation: You are agile. (Dex +2) [mutagenic meat]
  4656 | D:5      | Gained mutation: You are dopey. (Int -2) [mutagenic meat]
  4693 | D:5      | Reached skill level 7 in Maces & Flails
  5079 | D:6      | Found a runed door.
  5097 | D:6      | Found a basalt altar of Yredelemnul.
  5098 | D:6      | Noticed Menkaure
  5135 | D:6      | Killed Menkaure
  5394 | D:6      | Noticed Edmund
  5546 | D:6      | Reached skill level 8 in Maces & Flails
  5588 | D:6      | Reached XP level 9. HP: 34/56 MP: 9/9
  5675 | D:6      | Killed Edmund
  5921 | D:6      | Found a white marble altar of Elyvilon.
  6187 | D:6      | Reached skill level 9 in Maces & Flails
  6891 | D:7      | Found a staircase to the Ecumenical Temple.
  6972 | D:7      | Reached XP level 10. HP: 64/64 MP: 10/10
  7010 | D:7      | Reached skill level 10 in Maces & Flails
  7308 | D:8      | You fall through a shaft!
  7864 | D:9      | Found a bloodstained altar of Trog.
  7899 | D:9      | Found a staircase to the Lair.
  7915 | Lair:1   | Entered Level 1 of the Lair of Beasts
  8579 | Lair:1   | Reached skill level 11 in Maces & Flails
  8580 | Lair:1   | Noticed a black mamba
  8589 | Lair:1   | Killed a black mamba
  9411 | Lair:1   | Reached XP level 11. HP: 58/71 MP: 11/11
 10411 | Lair:2   | Reached skill level 10 in Armour
 10411 | Lair:2   | Reached skill level 1 in Evocations
 10455 | Lair:2   | Reached skill level 12 in Maces & Flails
 10674 | Lair:2   | Reached skill level 10 in Fighting
 11165 | D:9      | Noticed a guardian serpent
 11178 | D:9      | Killed a guardian serpent
 11203 | D:9      | Got an ichor-stained leather armour
 11219 | D:9      | Identified the +1 leather armour of the Game of Life {+Inv rPois Str-5 Stlth+} (You found it on level 9 of the Dungeon)
 11226 | D:9      | Gained mutation: You are very dopey. (Int -4) [mutagenic meat]
 11227 | D:9      | Gained mutation: You can breathe flames. [mutagenic meat]
 11228 | D:9      | Gained mutation: Your large and strong wings let you fly indefinitely. [mutagenic meat]
 12103 | D:8      | Found Busa Qygh's Gadget Emporium.
 12272 | D:8      | Found a shattered altar of Ashenzari.
 12304 | D:8      | Found a burning altar of Makhleb.
 12308 | D:8      | Found a stormy altar of Qazlal.
 12310 | D:8      | Found a shimmering altar of Xom.
 12311 | D:8      | Found an iron altar of Okawaru.
 12426 | D:8      | Gained mutation: You possess an exceptional clarity of mind. [mutagenic meat]
 12427 | D:8      | Gained mutation: You passively map a small area around you. [mutagenic meat]
 12428 | D:8      | Lost mutation: Your large and strong wings let you fly indefinitely. [mutagenic meat]
 12429 | D:8      | Gained mutation: You have large cloven feet. [mutagenic meat]
 12539 | Lair:3   | HP: 2/73 [wolf (6)]
 12990 | Lair:3   | Noticed Rupert
 13004 | Lair:3   | HP: 2/73 [Rupert/great sword of freezing (13)]
 13004 | Lair:3   | Mangled by Rupert

Action                   |  1- 3 |  4- 6 |  7- 9 | 10-12 || total
-------------------------+-------+-------+-------+-------++-------
Melee: Flail             |   124 |   307 |   571 |       ||  1002
       Dire flail        |       |       |    36 |   310 ||   346
       Great mace        |       |       |       |   196 ||   196
 Fire: Arbalest          |       |       |       |     7 ||     7
Invok: Reject Sacrifices |       |       |     2 |     1 ||     3
Evoke: Deck              |       |       |       |     1 ||     1
       Fan of gales      |       |       |       |     1 ||     1
  Use: Potion            |       |       |     1 |     5 ||     6
       Scroll            |       |       |       |     4 ||     4
  Eat: Chunk             |     1 |     8 |    13 |    26 ||    48
       Beef jerky        |       |       |     1 |     1 ||     2
